 Dungeon Crawl Stone Soup version 0.28-a0-1506-g3893175d92 (webtiles) character file.

Game seed: 8295478094872113403

127 horus123 the Grave Robber (level 4, 0/24 HPs)
             Began as a Deep Elf Necromancer on Jan 13, 2022.
             Slain by a gnoll (5 damage)
             ... on level 3 of the Dungeon.
             The game lasted 00:07:10 (3097 turns).

horus123 the Grave Robber (Deep Elf Necromancer)    Turns: 3097, Time: 00:07:11

Health: 0/24       AC:  2    Str:  5    XL:     4   Next: 85%
Magic:  8/13       EV: 12    Int: 22    God:
Gold:   107        SH:  0    Dex: 15    Spells: 5/13 levels left

rFire   . . .      SeeInvis .   h - +7 Throatcutter {drain, coup de grace}
rCold   . . .      Faith    .   (no shield)
rNeg    . . .      Spirit   .   a - +0 robe
rPois   .          Reflect  .   (no helmet)
rElec   .          Harm     .   (no cloak)
rCorr   .          Rampage  .   (no gloves)
Will    .....                   (no boots)
Stlth   ++........              (no amulet)
HPRegen 0.08/turn               (no ring)
MPRegen 0.13/turn               (no ring)

@: no status effects
A: no striking features
a: no special abilities


You were on level 3 of the Dungeon.
You visited 1 branch of the dungeon, and saw 3 of its levels.

You collected 107 gold pieces.

Inventory:

Hand Weapons
 d - a +0 long sword
 h - the +7 Throatcutter (weapon) {drain, coup de grace}
   (You took it off Terence on level 2 of the Dungeon)

   A truly terrible weapon, it drains the life of any living foe it strikes.
   It may instantly kill foes which have little health.
Armour
 a - a +0 robe (worn)
Magical Staves
 f - a staff of earth
Scrolls
 i - a scroll of blinking {unknown}
 j - a scroll of enchant weapon {unknown}
Potions
 b - a potion of flight
 c - 2 potions of curing {unknown}
 e - a potion of degeneration {unknown}
 g - a potion of ambrosia {unknown}


   Skills:
 + Level 1.4 Long Blades
 - Level 2.4 Dodging
 - Level 2.4 Stealth
 - Level 5.0 Spellcasting
 - Level 6.0 Necromancy


You had 5 spell levels left.
You knew the following spells:

 Your Spells              Type           Power      Damage    Failure   Level
a - Pain                  Necr           100%       1d9       1%          1
b - Vampiric Draining     Necr           32%        2d8       2%          3
c - Anguish               Hex/Necr       9%         N/A       28%         4

Your spell library contained the following spells:

 Spells                   Type           Power      Damage    Failure   Level
 Animate Skeleton         Necr           64%        N/A       1%          1
 Animate Dead             Necr           16%        N/A       9%          4
 Ensorcelled Hibernation  Hex/Ice        10%        N/A       16%         2
 Passwall                 Tmut/Erth      4%         N/A       16%         2
 Agony                    Necr           32%        N/A       24%         5
 Ignite Poison            Fire/Tmut/Pois 5%         N/A       30%         3
 Mephitic Cloud           Conj/Pois/Air  5%         N/A       30%         3
 Spider Form              Tmut/Pois      5%         N/A       30%         3
 Swiftness                Air            5%         N/A       30%         3
 Freezing Cloud           Conj/Ice/Air   2%         6-21      95%         5


Dungeon Overview and Level Annotations

Branches:
Dungeon (3/15)

Altars:


Message History

The orc shouts!
You can't see any susceptible monsters within range! (Use Z to cast anyway.)
The orc writhes in agony.
The orc writhes in agony.
The orc barely resists.
The orc writhes in agony.
You kill the orc!
Things that are here:
a +0 hand axe; a +0 scale mail You pick up a Trismegistus Codex and begin reading...
You add the spells Ignite Poison, Mephitic Cloud and Freezing Cloud to your library.
Okay, then.
You start resting.
Magic restored.
HP restored.
There is a stone staircase leading down here.
A gnoll comes into view. It is wielding a +0 spear.
The gnoll shouts!
The gnoll writhes in agony!
The gnoll barely resists.
The gnoll hits you from afar with a +0 spear.
The gnoll writhes in agony!
You kill the gnoll!
A goblin comes into view. It is wielding a +0 dagger.
A gnoll comes into view. It is wielding a +0 club.
A gnoll comes into view. It is wielding a +0 spear.
The gnoll shouts!
The gnoll moves out of view.
You see here a +0 spear.
The gnoll writhes in agony!
The gnoll writhes in agony.
The gnoll hits you with a +0 club!
* * * LOW HITPOINT WARNING * * *
You are too injured to fight recklessly!
Aiming: Pain (safe; 1% risk of failure)
Press: ? - help, Q - select action, (/) - cycle Shift-Dir - straight line, f/p - gnoll
Aim: a gnoll, wielding a +0 club (almost dead, chance to affect: 88%)
The gnoll writhes in agony.
You kill the gnoll!
The gnoll hits you from afar with a +0 spear.
You die...

####.#..####.#
.#...##...##.##
.#.######..>..#
... ####..# ##
.## ##.# ..# ##
#.#+#..##
#.......#
###.###...
#.@.# ###)# g#
g. ##. .. ..
..#


You could see a gnoll and a goblin.

Vanquished Creatures
  Terence (D:2)
  Robin (D:2)
  2 gnolls (D:3)
  3 adders
  A dart slug (D:2)
  2 orcs (D:3)
  5 ball pythons
  5 endoplasms (D:1)
  A giant cockroach (D:1)
  9 goblins (D:2)
  4 hobgoblins
  2 jackals (D:1)
  4 quokkas
  2 bats (D:2)
  4 frilled lizards
  4 kobolds
  A rat (D:1)
51 creatures vanquished.

Notes
Turn   | Place    | Note
-------+----------+-------------------------------------------
     0 | D:1      | horus123 the Deep Elf Necromancer began the quest for the
                  | Orb.
     0 | D:1      | Reached XP level 1. HP: 10/10 MP: 6/6
   523 | D:1      | Reached XP level 2. HP: 14/15 MP: 7/9
   592 | D:1      | Reached skill level 5 in Necromancy
  1714 | D:2      | Noticed Robin
  1745 | D:2      | Reached XP level 3. HP: 11/19 MP: 4/11
  1755 | D:2      | Killed Robin
  1756 | D:2      | Reached skill level 5 in Spellcasting
  1859 | D:2      | Noticed Terence
  1879 | D:2      | Killed Terence
  1880 | D:2      | Reached XP level 4. HP: 3/24 MP: 7/13
  2005 | D:2      | Learned a level 3 spell: Vampiric Draining
  2010 | D:2      | Learned a level 4 spell: Anguish
  2395 | D:2      | Reached skill level 6 in Necromancy
  2946 | D:3      | Reached skill level 1 in Long Blades
  3097 | D:3      | Slain by a gnoll

Illustrated notes

Levels and vault maps discovered:
D:1:      sevenhm_arrival_forest_fort_small_5, layout_loops_ring
D:2:      layout_loops_ring, minmay_misc_feat_ornament, minmay_pentomino_z2,
          uniq_robin, uniq_terence
D:3:      layout_rooms, mainiacjoe_overflow_surrounded_room,
          kennysheep_decorative_pillar, uniq_natasha, uniq_ijyb

Skill      XL: |  1  2  3  4 |
---------------+-------------+-----
Spellcasting   | 4 5 |  5.0
Necromancy     | 5 6 |  6.0
Long Blades    | 1 |  1.4
Dodging        | |  2.4
Stealth        | |  2.4

Action                   |  1- 3 |  4- 6 || total
-------------------------+-------+-------++-------
Melee: Long sword        |     1 |     5 ||     6
 Cast: Pain              |    59 |    42 ||   101
  Use: Scroll            |     2 |     1 ||     3
Armor: Robe              |     1 |       ||     1
Dodge: Dodged            |     3 |     4 ||     7

Table legend: (Time is in decaauts)
 A = Elapsed time spent in this place.
 B = Non-inter-level travel time spent in this place.
 C = Inter-level travel time spent in this place.
 D = Time resting spent in this place.
 E = Time spent auto-exploring this place.
 F = Levels seen in this place.
 G = Mean time per level.
                   A        B        C        D        E       F      G
               +--------+--------+--------+--------+--------+-----+--------+
         Total |   3100 |   2972 |    128 |    277 |   2353 |   3 | 1033.3 |
       Dungeon |   3100 |   2972 |    128 |    277 |   2353 |   3 | 1033.3 |
               +--------+--------+--------+--------+--------+-----+--------+

Top non-repeatable levels by time:
     D:1: 1531 daAuts
     D:2: 1413 daAuts
     D:3: 154 daAuts
